 Dungeon Sprint DCSS version 0.29-a0-834-g1e95ca9f62 (webtiles) character file.

Game seed: 1018824805588718515

102 wilfster70 the Poker (level 4, -1/58 HPs)
             Began as a Merfolk Fighter on July 12, 2022.
             Was an Initiate of Gozag.
             Slain by a two-headed ogre
             ... wielding a +0 giant spiked club
              (26 damage)
             ... in the Dungeon (Sprint IX: "|||||||||||||||||||||||||||||").
             The game lasted 00:01:12 (336 turns).

wilfster70 the Poker (Merfolk Fighter)               Turns: 336, Time: 00:01:13

Health: -1/58      AC: 12    Str: 19    XL:     4   Next: 77%
Magic:  4/4        EV:  8    Int:  9    God:    Gozag
Gold:   0          SH:  5    Dex: 13    Spells: 3/3 levels left

rFire   . . .      SeeInvis .   a - +0 trident
rCold   . . .      Faith    .   c - +0 buckler
rNeg    . . .      Spirit   .   o - +1 chain mail
rPois   .          Reflect  .   (no helmet)
rElec   .          Harm     .   (no cloak)
rCorr   .          Rampage  .   (no gloves)
Will    .....      NoTele   +   n - +0 pair of boots
Stlth   ..........              (no amulet)
HPRegen 0.19/turn               p - +2 ring of protection
MPRegen 0.09/turn               b - +3 ring of strength

@: berserking, very quick
A: (nimble swimmer 2), mertail
a: Renounce Religion, Potion Petition, Call Merchant, Bribe Branch


You were in the Dungeon.
You worshipped Gozag.
Gozag was noncommittal.
You visited 1 branch

Inventory:

Hand Weapons
 a - a +0 trident (weapon)
Armour
 c - a +0 buckler (worn)
 n - a +0 pair of boots (worn)
 o - a +1 chain mail (worn)
Jewellery
 b - a +3 ring of strength (right hand)
 p - a +2 ring of protection (left hand)
Wands
 m - a wand of iceblast (10)
Scrolls
 j - 2 scrolls of blinking
 l - 2 scrolls of amnesia
Potions
 d - a potion of might
 e - a potion of invisibility
 f - 3 potions of heal wounds
 g - a potion of haste
 h - 4 potions of magic
 k - 4 potions of curing


   Skills:
 + Level 5.5 Fighting
 * Level 7.8 Polearms
 + Level 2.1 Armour
 + Level 5.0 Dodging
 - Level 5.0 Shields


You had 3 spell levels left.
You didn't know any spells.
Your spell library was empty.

Dungeon Overview and Level Annotations

Branches:
Dungeon (1/1)

Altars:
Cheibriados
Dithmenos
Elyvilon
Fedhas
Gozag
Hepliaklqana
Kikubaaqudgha
Makhleb
Nemelex Xobeh
Okawaru
Qazlal
Ru
Sif Muna
Trog
Uskayaw
Vehumet
Wu Jian
Xom
Yredelemnul
Zin
The Shining One
Jiyva
Lugonu


Innate Abilities, Weirdness & Mutations

((You are very nimble when in or above water. (Stealth+, EV+, Speed+++)))
Your lower body shifts to a powerful aquatic tail in water.


Message History

You see here a +0 barding.
You see here a +0 pair of boots.
You see here a +0 barding.
Items here: )))))).
Okay, then.
Unknown command.
You see here a +0 barding.
You see here a +0 pair of boots.
n - a +0 pair of boots You start putting on your armour.
You continue putting on your +0 pair of boots. x4
You finish putting on your +0 pair of boots.
You see here a +1 chain mail.
o - a +1 chain mail You start removing your armour.
You continue taking off your +0 scale mail. x4
You finish taking off your +0 scale mail.
You start putting on your armour.
You continue putting on your +1 chain mail. x5
You finish putting on your +1 chain mail.
You drop a +0 scale mail.
b - a +3 ring of strength
p - a +2 ring of protection
p - a +2 ring of protection (left hand)
You feel stronger.
b - a +3 ring of strength (right hand)
You open the door.
A wyvern, 2 wraiths and 3 two-headed ogres come into view.
The wyvern hisses angrily.
The two-headed ogre shouts in stereo!
A red film seems to cover your vision as you go berserk!
You feel yourself moving faster!
You feel mighty!
The two-headed ogre hits you with a +0 giant spiked club!!
The two-headed ogre hits you with a +0 giant club!
You puncture the two-headed ogre!
The two-headed ogre is lightly wounded.
You impale the two-headed ogre!!
The two-headed ogre is heavily wounded.
The two-headed ogre hits you with a +0 giant spiked club!!
You die...
Your body crumbles into a pile of gold.

$
▓.▓
$
▓O▓
$ $
▓W▓
$
▓O▓
$ $
▓l▓
▓W▓
$
▓O▓
▓@▓
$
▓.▓
▓[▓
$
▓.▓
▓[▓
$
▓.▓
$
▓)▓
$
▓.▓
$
▓.▓


You could see 3 two-headed ogres, 2 wraiths and a wyvern.

Vanquished Creatures
  2 iguanas (D)
  An orc wizard (D)
  2 adders (D)
  2 giant cockroaches (D)
  A jackal (D)
  A kobold (D)
  A rat (D)
10 creatures vanquished.

Notes
Turn   | Place    | Note
-------+----------+-------------------------------------------
     0 | D        | wilfster70 the Merfolk Fighter began the quest for the Orb.
     0 | D        | Reached XP level 1. HP: 18/18 MP: 1/1
     6 | D        | Reached skill level 3 in Polearms
     6 | D        | Reached skill level 1 in Dodging
    33 | D        | Noticed an iguana
    33 | D        | Noticed an iguana
    33 | D        | Noticed an orc wizard
    47 | D        | Killed an orc wizard
    48 | D        | Reached skill level 5 in Polearms
    48 | D        | Reached XP level 2. HP: 26/26 MP: 2/2
    48 | D        | Reached XP level 3. HP: 31/31 MP: 3/3
    53 | D        | Reached skill level 6 in Polearms
    66 | D        | Reached skill level 5 in Fighting
    66 | D        | Reached skill level 7 in Polearms
    66 | D        | Reached XP level 4. HP: 32/39 MP: 4/4
    75 | D        | Reached skill level 5 in Dodging
    75 | D        | Reached skill level 5 in Shields
   264 | D        | Found a snail-covered altar of Cheibriados.
   264 | D        | Found a shadowy altar of Dithmenos.
   264 | D        | Found a white marble altar of Elyvilon.
   264 | D        | Found a blossoming altar of Fedhas.
   264 | D        | Found an opulent altar of Gozag.
   265 | D        | Found a hazy altar of Hepliaklqana.
   266 | D        | Found a viscous altar of Jiyva.
   267 | D        | Found an ancient bone altar of Kikubaaqudgha.
   268 | D        | Found a corrupted altar of Lugonu.
   269 | D        | Found a burning altar of Makhleb.
   270 | D        | Found a sparkling altar of Nemelex Xobeh.
   271 | D        | Found an iron altar of Okawaru.
   272 | D        | Became a worshipper of Gozag Ym Sagoz the Greedy
   273 | D        | Found a stormy altar of Qazlal.
   274 | D        | Found a sacrificial altar of Ru.
   275 | D        | Found a shimmering blue altar of Sif Muna.
   276 | D        | Found a bloodstained altar of Trog.
   277 | D        | Found a hide-covered altar of Uskayaw.
   278 | D        | Found a radiant altar of Vehumet.
   279 | D        | Found an ornate altar of the Wu Jian Council.
   280 | D        | Found a shimmering altar of Xom.
   281 | D        | Found a basalt altar of Yredelemnul.
   282 | D        | Found a glowing silver altar of Zin.
   283 | D        | Found a glowing golden altar of the Shining One.
   333 | D        | Noticed a two-headed ogre
   333 | D        | Noticed a wraith
   333 | D        | Noticed a two-headed ogre
   333 | D        | Noticed a wyvern
   333 | D        | Noticed a wraith
   333 | D        | Noticed a two-headed ogre
   336 | D        | Slain by a two-headed ogre

Illustrated notes

Levels and vault maps discovered:
D:        linesprint [early_d, line_temple, items_1, d_10, items_2, lair_1,
          lair_end, items_3, orc_1, orc_end, items_4, d_15, swamp_1, shoals_1,
          snake_1, spider_1, d_20, vaults_1, items_5, swamp_end, shoals_end,
          snake_end, spider_end, vaults_end, d_27, items_6, zot_1, zot_end,
          crypt_end, forest_end, elf_end, slime_end, tomb_end, abyss_end,
          pan_hell_end]

Skill      XL: |  1  2  3  4 |
---------------+-------------+-----
Polearms       | 5 7 |  7.8
Dodging        | 3 4 5 |  5.0
Fighting       | 4 5 |  5.5
Shields        | 4 5 |  5.0
Armour         | |  2.1

Action                   |  1- 3 |  4- 6 || total
-------------------------+-------+-------++-------
Melee: Trident           |    39 |    11 ||    50
  Use: Potion            |     1 |     1 ||     2
Armor: Scale mail        |    18 |     1 ||    19
Dodge: Dodged            |     9 |     2 ||    11
Block: Buckler           |     7 |       ||     7

Table legend: (Time is in decaauts)
 A = Elapsed time spent in this place.
 B = Non-inter-level travel time spent in this place.
 C = Inter-level travel time spent in this place.
 D = Time resting spent in this place.
 E = Time spent auto-exploring this place.
 F = Levels seen in this place.
 G = Mean time per level.
                   A        B        C        D        E       F      G
               +--------+--------+--------+--------+--------+-----+--------+
         Total |    338 |    338 |      0 |    192 |      0 |   1 |  338.0 |
       Dungeon |    338 |    338 |      0 |    192 |      0 |   1 |  338.0 |
               +--------+--------+--------+--------+--------+-----+--------+

Top non-repeatable levels by time:
       D: 338 daAuts
